 Dungeon Crawl Stone Soup version 0.23.2-33-g5129a83184 (webtiles) character file.

Game seed: 240355583596645147

42 MalarOregon the Digger (level 3, -2/28 HPs)
             Began as a Ghoul Earth Elementalist on June 27, 2019.
             Slain by a jackal (3 damage)
             ... on level 2 of the Dungeon.
             The game lasted 00:08:52 (1829 turns).

MalarOregon the Digger (Ghoul Earth Elementalist)   Turns: 1829, Time: 00:08:53

Health: -2/28      AC:  2    Str: 11    XL:     3   Next: 56%
Magic:  5/5        EV: 12    Int: 11    God:
Gold:   81         SH:  0    Dex:  9    Spells: 5/6 levels left

rFire    . . .     SeeInvis .   i - +0 hand axe
rCold    + . .     Gourm    .   (no shield)
rNeg     + + +     Faith    .   c - +0 robe
rPois    ∞         Spirit   .   (no helmet)
rElec    .         Reflect  .   (no cloak)
rCorr    .         Harm     .   (no gloves)
MR       .....                  (no boots)
Stlth    ++........             (no amulet)
HPRegen  0.00/turn              (no ring)
MPRegen  0.09/turn              (no ring)

@: rotting
A: rotting body, claws 1, carnivore, cold resistance 1, negative energy
resistance 3, inhibited regeneration, torment resistance, unbreathing
a: no special abilities


You were on level 2 of the Dungeon.
You were not hungry.

You visited 1 branch of the dungeon, and saw 2 of its levels.

You collected 81 gold pieces.

Inventory:

Hand Weapons
 i - a +0 hand axe (weapon)
   (You took it off a goblin on level 1 of the Dungeon)
Missiles
 b - 53 stones (quivered)
Armour
 c - a +0 robe (worn)
 d - a +0 shield
   (You found it on level 1 of the Dungeon)
Scrolls
 a - a scroll of enchant weapon {unknown}
 g - a scroll of immolation {unknown}
 h - a scroll of teleportation {unknown}
 k - 2 scrolls of fog {unknown}
 m - a scroll of identify {unknown}
Potions
 f - a potion of ambrosia {unknown}
 j - a potion of heal wounds {unknown}
Comestibles
 e - 3 rations {!d}
 l - a chunk of flesh


   Skills:
 + Level 1.4 Fighting
 + Level 2.3 Dodging
 - Level 2.1 Stealth
 + Level 2.1 Spellcasting
   Level 0.8 Transmutations
 + Level 3.8 Earth Magic


You had 5 spell levels left.
You knew the following spells:

 Your Spells              Type           Power        Failure   Level  Hunger
a - Sandblast             Erth           #.....       6%          1    ##.....

Your spell library contained the following spells:

 Spells                   Type           Power        Failure   Level  Hunger
 Passwall                 Tmut/Erth      #.......     17%         2    ###....
 Stone Arrow              Conj/Erth      #.....       36%         3    ####...
 Petrify                  Tmut/Erth      #.......     73%         4    #####..
 Lee's Rapid Deconstruct  Erth           #.........   86%         5    ######.


Dungeon Overview and Level Annotations

Branches:
Dungeon (2/15)

Altars:


Innate Abilities, Weirdness & Mutations

Your body is rotting away.
You thrive on raw meat.
You are immune to poison.
You have sharp fingernails.
You are carnivorous and can eat meat at any time.
Your flesh is cold resistant. (rC+)
You are immune to negative energy. (rN+++)
You do not regenerate when monsters are visible.
You are immune to unholy pain and torment.
You can survive without breathing.


Message History

You hit the dart slug. The dart slug closely misses you.
You hit the dart slug.
You kill the dart slug!
The goblin shouts!
You hear a bark!
You hit the goblin but do no damage. The goblin completely misses you.
You hit the goblin but do no damage. The goblin hits you.
A jackal comes into view.
The goblin completely misses you.
You hit the goblin.
You kill the goblin!
A jackal comes into view.
Found a hunting sling.
A jackal comes into view.
The jackal barks!
The jackal closely misses you.
You hit the jackal. The jackal bites you. x2
You hit the jackal but do no damage. You hit the jackal. The jackal bites you.
The jackal misses you. The jackal completely misses you.
You hit the jackal.
You kill the jackal!
You hit the jackal. The jackal barely misses you.
You barely miss the jackal. The jackal closely misses you. x2
The jackal bites you.
You closely miss the jackal. You hit the jackal.
The jackal completely misses you. The jackal barely misses you.
The jackal completely misses you. The jackal barely misses you.
You hit the jackal but do no damage. x2; The jackal closely misses you.
The jackal bites you. x2
* * * LOW HITPOINT WARNING * * *
The jackal bites you.
* * * LOW HITPOINT WARNING * * *
You closely miss the jackal. You hit the jackal but do no damage.
The jackal barely misses you. The jackal bites you.
* * * LOW HITPOINT WARNING * * *
You hit the jackal. You barely miss the jackal. The jackal closely misses you.
The jackal bites you.
* * * LOW HITPOINT WARNING * * *
The jackal completely misses you. The jackal bites you.
* * * LOW HITPOINT WARNING * * *
You closely miss the jackal. x2; The jackal barely misses you.
The jackal bites you.
* * * LOW HITPOINT WARNING * * *
The jackal barely misses you. The jackal closely misses you.
You closely miss the jackal. You barely miss the jackal. The jackal misses you.
The jackal bites you.
* * * LOW HITPOINT WARNING * * *
The jackal bites you.
* * * LOW HITPOINT WARNING * * *
The jackal bites you.
You die...

#########....... ###
#................... #..
#).................. #<#
#..(................##.#
#......<................
#.....(..............#.#
......h.....# #........#
......h@....# #......###
..........†.# #......'..
......###'### #......###
..........#####......#..
###...........'......''#
#..........##.........
#..........##.........
#..........#####......
#..........# #......


You could see 2 jackals.

Vanquished Creatures
  2 worms (D:2)
  2 dart slugs
  A leopard gecko (D:1)
  A giant cockroach (D:2)
  6 goblins
  2 hobgoblins (D:1)
  A jackal (D:2)
  5 bats (D:1)
  2 frilled lizards (D:1)
  3 kobolds (D:2)
  6 rats
31 creatures vanquished.

Notes
Turn   | Place    | Note
-------+----------+-------------------------------------------
     0 | D:1      | MalarOregon the Ghoul Earth Elementalist began the quest
                  | for the Orb.
     0 | D:1      | Reached XP level 1. HP: 14/14 MP: 2/2
   297 | D:1      | Reached XP level 2. HP: 10/22 MP: 3/3
   575 | D:1      | Reached skill level 1 in Fighting
   985 | D:1      | Reached XP level 3. HP: 24/28 MP: 5/5
  1829 | D:2      | HP: 1/28 [jackal (2)]
  1829 | D:2      | Slain by a jackal

Skill      XL: |  1  2 |
---------------+-------+-----
Dodging        | 2 |  2.3
Spellcasting   | 2 |  2.1
Fighting       | 1 |  1.4
Stealth        | |  2.1
Transmutations | |  0.8
Earth Magic    | |  3.8

Action                   || total
-------------------------++-------
Melee: Club              ||    81
       Unarmed           ||     3
       Hand axe          ||    41
 Cast: Sandblast         ||    12
 Stab: Sleeping          ||     2
  Eat: Chunk             ||    14
Armor: Robe              ||    21
Dodge: Dodged            ||    97
